 Dungeon Sprint DCSS version 0.27-a0-1525-g1038ab4fd7 (webtiles) character file.

Game seed: 10094710493020322183

25249 mhtbhm the Peltast (level 13, -8/88 HPs)
             Began as a Gargoyle Fighter on July 10, 2021.
             Was the Champion of Qazlal.
             Killed from afar by Jory (68 damage)
             ... with a crystal spear
             ... in the Dungeon (Sprint VII: "The Pits").
             The game lasted 00:06:06 (2780 turns).

mhtbhm the Peltast (Gargoyle Fighter)               Turns: 2780, Time: 00:06:06

Health: -8/88      AC: 39    Str: 24    XL:     13   Next: 18%
Magic:  0/24       EV: 15    Int: 10    God:    Qazlal [******]
Gold:   73         SH: 23    Dex:  9    Spells: 12/12 levels left

rFire    . . .     SeeInvis .   a - +2 morningstar (protect)
rCold    . . .     Faith    .   c - +0 kite shield
rNeg     + . .     Spirit   +   b - +3 plate armour
rPois    ∞         Reflect  .   (no helmet)
rElec    +         Harm     .   (no cloak)
rCorr    .         Rampage  .   (no gloves)
Will     .....     NoTele   +   r - +0 pair of boots
Stlth    ..........             y - amulet of guardian spirit
HPRegen  0.24/turn              n - +3 ring of evasion
MPRegen  0.19/turn              o - +3 ring of evasion

@: mighty, protected from physical damage, under a protective aura, mesmerised,
repel missiles
A: sickness immunity, AC +9, negative energy resistance 1, electricity
resistance, torment resistance 1, petrification resistance
a: Renounce Religion, Upheaval, Elemental Force, Disaster Area


You were in the Dungeon.
You worshipped Qazlal.
Qazlal was exalted by your worship.
You visited 1 branch You collected 73 gold pieces.

Inventory:

Hand Weapons
 a - a +2 morningstar of protection (weapon)
Missiles
 m - a curare-tipped dart (quivered)
Armour
 b - a +3 plate armour (worn)
 c - a +0 kite shield (worn)
 r - a +0 pair of boots (worn)
Jewellery
 n - a +3 ring of evasion (left hand)
 o - a +3 ring of evasion (right hand)
 x - a ring of positive energy
 y - an amulet of guardian spirit (around neck)
Scrolls
 j - 2 scrolls of blinking
 l - 5 scrolls of amnesia
 s - 4 scrolls of enchant armour
 t - 2 scrolls of fear
 u - 4 scrolls of enchant weapon
 v - a scroll of fog
 A - 3 scrolls of immolation
Potions
 e - 8 potions of curing
 f - 14 potions of heal wounds
 g - 2 potions of haste
 h - 4 potions of magic
 i - 3 potions of berserk rage
 k - 2 potions of invisibility
 p - 2 potions of resistance
 q - 2 potions of brilliance
 w - a potion of mutation
 z - a potion of lignification


   Skills:
 + Level 13.1 Fighting
 + Level 16.2 Maces & Flails
 + Level 11.9 Armour
 + Level 6.5 Dodging
 - Level 1.6 Stealth
 + Level 19.7 Shields
 * Level 15.8 Invocations


You had 12 spell levels left.
You didn't know any spells.
Your spell library contained the following spells:

 Spells                   Type           Power      Damage    Failure   Level
 Animate Skeleton         Necr           0%         N/A       98%         1
 Apportation              Tloc           0%         N/A       98%         1
 Corona                   Hex            0%         N/A       98%         1
 Summon Small Mammal      Summ           0%         N/A       98%         1
 Chain Lightning          Conj/Air       0%         N/A       100%        9
 Fire Storm               Conj/Fire      0%         5d1       100%        9


Dungeon Overview and Level Annotations

Branches:
Dungeon (1/1)

Altars:
Ashenzari
Cheibriados
Dithmenos
Elyvilon
Fedhas
Gozag
Hepliaklqana
Kikubaaqudgha
Makhleb
Nemelex Xobeh
Okawaru
Qazlal
Ru
Sif Muna
Trog
Uskayaw
Vehumet
Wu Jian
Xom
Yredelemnul
Zin
The Shining One
Beogh
Jiyva
Lugonu

Annotations:
D Jory


Innate Abilities, Weirdness & Mutations

You are immune to sickness and miasma.
Your stone body is resilient. (AC +9)
You are immune to poison.
You resist negative energy. (rN+)
You are resistant to electric shocks. (rElec)
You are resistant to unholy torment.
You are immune to petrification.


Message History

Your Maces & Flails skill increases to level 16!
You have reached level 13!
Unknown command.
Unknown command.
Unknown command.
Unknown command.
Unknown command.
Unknown command.
Okay, then.
You aren't carrying any items that you can evoke.
Unknown command.
You feel very mighty all of a sudden. Jory barely misses you.
Jory is no longer encased in ice.
Lightning from the thunderstorm strikes something you cannot see.
Qazlal accepts your kill.
Reactivating autopickup.
You feel a bit more experienced. You block Jory's attack. Jory bites you.
There is an open door here.
You see here a fire crab corpse.
You barely miss Jory.
Jory is severely damaged.
You completely miss Jory.
Jory is severely damaged.
Jory hits you with a +5 antimagic glaive!!
You feel protected from physical attacks.
You feel your power leaking away. You block Jory's attack.
Unknown command.
You impale Jory!!
Your weapon exudes an aura of protection.
Jory is almost destroyed.
Jory hits you with a +5 antimagic glaive!
You block Jory's attack.
You closely miss Jory.
Jory is almost destroyed.
Jory gestures at you while chanting. The crystal spear hits you!!!
Ouch! That really hurt!
You die...

+..........# +..........#
#..#....#..# #..≈.......+
#...≈......+ ###..####''#
###°○####''#########
#..☼○≈.##...........
#.#@##.##...........
#.#≈V+.##..######### #
:.§# ##..# .#)}+ #..#
#++###########.+[≈# #..#
........##..## ##+# #..#
.#......##..# #..#
........''..# #..#
........''†.##########..#


You could see Jory (mesmerising).

Vanquished Creatures
  A deep elf blademaster (D)
  A vampire knight (D)
  A white draconian (D)
  A boulder beetle (D)
  A centaur warrior (D)
  3 hell hogs (D)
  A two-headed ogre (D)
  An orc high priest (D)
  7 death yaks (D)
  2 fire crabs (D)
  A deep troll (D)
  A phantasmal warrior (D)
  An orc knight (D)
  2 deep elf pyromancers (D)
  An elephant (D)
  A rust devil (D)
  2 cane toads (D)
  2 gargoyles (D)
  An unseen horror (D)
  An orange demon (D)
  A kobold demonologist (D)
  An efreet (D)
  A hellwing (D)
  A jumping spider (D)
  A troll (D)
  A tyrant leech (D)
  2 hornets (D)
  Grinder (D)
  Prince Ribbit (D)
  6 dream sheep (D)
  A shadow (D)
  A spriggan (D)
  3 tarantellas (D)
  A wyvern (D)
  A fire bat (D)
  4 vampire mosquitoes (D)
  A warg (D)
  A large abomination (D)
  A floating eye (D)
  2 orc warriors (D)
  A swamp drake (D)
  An ice beast (D)
  6 wolves (D)
  An ogre (D)
  2 centaurs (D)
  A phantom (D)
  2 kobold brigands (D)
  4 wights (D)
  A quasit (D)
  A gnoll shaman (D)
  An orc wizard (D)
  A hell rat (D)
  A mummy (D)
  5 gnolls (D)
  2 adders (D)
  2 white imps (D)
  2 ufetubi (D)
  An adder skeleton (D)
  6 orcs (D)
  7 jackals (D)
  A ball python (D)
  A ball python simulacrum (D)
  A bat (D)
  A frilled lizard (D)
  A jackal skeleton (D)
  4 kobolds (D)
  A rat (D)
122 creatures vanquished.

Vanquished Creatures (collateral kills)
  A cyclops (D)
  A vampire mosquito (D)
2 creatures vanquished.

Vanquished Creatures (others)
  A cane toad (D)
  A giant cockroach (D)
2 creatures vanquished.

Grand Total: 126 creatures vanquished

Notes
Turn   | Place    | Note
-------+----------+-------------------------------------------
     0 | D        | mhtbhm the Gargoyle Fighter began the quest for the Orb.
     0 | D        | Reached XP level 1. HP: 14/14 MP: 1/1
    24 | D        | Found a bloodstained altar of Trog.
    24 | D        | Found a shimmering blue altar of Sif Muna.
    24 | D        | Found a viscous altar of Jiyva.
    24 | D        | Found a hazy altar of Hepliaklqana.
    24 | D        | Found an opulent altar of Gozag.
    25 | D        | Found a glowing golden altar of the Shining One.
    25 | D        | Found a glowing silver altar of Zin.
    25 | D        | Found a basalt altar of Yredelemnul.
    25 | D        | Found a shimmering altar of Xom.
    25 | D        | Found an ornate altar of the Wu Jian Council.
    25 | D        | Found a sacrificial altar of Ru.
    25 | D        | Found a stormy altar of Qazlal.
    25 | D        | Found an iron altar of Okawaru.
    25 | D        | Found a sparkling altar of Nemelex Xobeh.
    25 | D        | Found a burning altar of Makhleb.
    25 | D        | Found a blossoming altar of Fedhas.
    25 | D        | Found a white marble altar of Elyvilon.
    25 | D        | Found a shadowy altar of Dithmenos.
    25 | D        | Found a snail-covered altar of Cheibriados.
    28 | D        | Found a corrupted altar of Lugonu.
    28 | D        | Found a radiant altar of Vehumet.
    29 | D        | Found an ancient bone altar of Kikubaaqudgha.
    29 | D        | Found a hide-covered altar of Uskayaw.
    29 | D        | Found a broken altar of Ashenzari.
    32 | D        | Became a worshipper of Qazlal Stormbringer
    93 | D        | Reached * piety under Qazlal
    94 | D        | Reached skill level 4 in Shields
    97 | D        | Reached XP level 2. HP: 20/20 MP: 2/2
    99 | D        | Reached ** piety under Qazlal
   120 | D        | Reached XP level 3. HP: 12/24 MP: 3/3
   494 | D        | Noticed a phantom
   508 | D        | Reached *** piety under Qazlal
   512 | D        | Noticed an ice beast
   522 | D        | Killed a phantom
   523 | D        | Reached skill level 5 in Fighting
   523 | D        | Reached skill level 5 in Maces & Flails
   523 | D        | Reached skill level 5 in Armour
   523 | D        | Reached skill level 1 in Dodging
   523 | D        | Reached skill level 5 in Shields
   523 | D        | Reached XP level 4. HP: 13/31 MP: 4/4
   528 | D        | Reached **** piety under Qazlal
   559 | D        | Killed an ice beast
   560 | D        | Reached skill level 1 in Stealth
   560 | D        | Reached skill level 6 in Shields
   560 | D        | Reached XP level 5. HP: 23/36 MP: 5/5
   567 | D        | Reached skill level 7 in Shields
   587 | D        | Reached XP level 6. HP: 15/41 MP: 6/6
   788 | D        | Reached ***** piety under Qazlal
   791 | D        | Noticed a troll
   822 | D        | Killed a troll
   823 | D        | Reached skill level 8 in Shields
   823 | D        | Reached XP level 7. HP: 15/47 MP: 6/9
   989 | D        | Noticed Grinder
   989 | D        | Noticed Prince Ribbit
   989 | D        | Noticed a fire bat
   997 | D        | Paralysed by Grinder for 2 turns
  1009 | D        | Paralysed by Grinder for 4 turns
  1020 | D        | Killed a fire bat
  1021 | D        | Reached skill level 9 in Shields
  1021 | D        | Killed Grinder
  1022 | D        | Reached skill level 5 in Invocations
  1022 | D        | Killed Prince Ribbit
  1023 | D        | Reached skill level 10 in Shields
  1023 | D        | Reached XP level 8. HP: 42/53 MP: 3/12
  1083 | D        | Noticed a cane toad
  1083 | D        | Noticed a deep elf pyromancer
  1087 | D        | Killed a cane toad
  1111 | D        | Killed a deep elf pyromancer
  1112 | D        | Reached skill level 5 in Dodging
  1112 | D        | Reached skill level 11 in Shields
  1288 | D        | Noticed a jumping spider
  1295 | D        | Noticed a cyclops
  1299 | D        | Noticed a shadow
  1312 | D        | Reached skill level 10 in Maces & Flails
  1312 | D        | Reached XP level 9. HP: 48/59 MP: 7/14
  1312 | D        | Killed a jumping spider
  1312 | D        | Reached ****** piety under Qazlal
  1313 | D        | Reached skill level 12 in Shields
  1314 | D        | Killed a cyclops
  1349 | D        | Reached skill level 13 in Shields
  1440 | D        | Noticed a cane toad
  1451 | D        | Killed a cane toad
  1477 | D        | Reached XP level 10. HP: 61/65 MP: 17/17
  1478 | D        | Noticed a death yak
  1478 | D        | Noticed an orange demon
  1489 | D        | Killed an orange demon
  1500 | D        | Killed a death yak
  1501 | D        | Reached skill level 14 in Shields
  1501 | D        | Reached skill level 10 in Invocations
  1573 | D        | Noticed a gargoyle
  1585 | D        | Killed a gargoyle
  1595 | D        | Noticed a cane toad
  1595 | D        | Noticed a gargoyle
  1604 | D        | Killed a gargoyle
  1606 | D        | Killed a cane toad
  1607 | D        | Reached skill level 15 in Shields
  1620 | D        | Noticed an orc knight
  1628 | D        | Reached skill level 10 in Fighting
  1628 | D        | Reached XP level 11. HP: 55/72 MP: 19/19
  1644 | D        | Killed an orc knight
  1750 | D        | Noticed a centaur warrior
  1780 | D        | Killed a centaur warrior
  1883 | D        | Noticed a death yak
  1883 | D        | Noticed a death yak
  1883 | D        | Noticed a death yak
  1883 | D        | Noticed a death yak
  1883 | D        | Noticed a boulder beetle
  1883 | D        | Noticed a death yak
  1883 | D        | Noticed a death yak
  1928 | D        | Paralysed by a floating eye for 3 turns
  1934 | D        | Paralysed by a floating eye for 4 turns
  1936 | D        | Reached skill level 10 in Armour
  1945 | D        | Killed a death yak
  1945 | D        | Killed a death yak
  1945 | D        | Killed a death yak
  1945 | D        | Killed a death yak
  1946 | D        | Reached skill level 16 in Shields
  1952 | D        | Killed a death yak
  1952 | D        | Noticed a deep troll
  1953 | D        | Reached skill level 17 in Shields
  1955 | D        | Killed a boulder beetle
  1956 | D        | Reached XP level 12. HP: 80/80 MP: 6/21
  1956 | D        | Killed a death yak
  2240 | D        | Noticed a hell hog
  2243 | D        | Noticed a hell hog
  2243 | D        | Noticed a hell hog
  2259 | D        | Killed a hell hog
  2260 | D        | Reached skill level 15 in Maces & Flails
  2260 | D        | Reached skill level 18 in Shields
  2267 | D        | Killed a hell hog
  2277 | D        | Killed a hell hog
  2386 | D        | Noticed an orc high priest
  2395 | D        | Killed an orc high priest
  2433 | D        | Noticed a two-headed ogre
  2445 | D        | Killed a two-headed ogre
  2559 | D        | Noticed an orb of fire
  2772 | D        | Noticed a white draconian
  2772 | D        | Noticed Jory
  2772 | D        | Noticed a deep elf blademaster
  2772 | D        | Noticed a vampire knight
  2773 | D        | Killed a deep elf blademaster
  2774 | D        | Reached skill level 19 in Shields
  2774 | D        | Reached skill level 15 in Invocations
  2774 | D        | Killed a white draconian
  2775 | D        | Reached XP level 13. HP: 88/88 MP: 9/24
  2776 | D        | Killed a vampire knight
  2780 | D        | Killed from afar by Jory

Illustrated notes

Levels and vault maps discovered:
D:        pitsprint [storerooms_1, entrance_room_1, metal_vault_5, armoury_3,
          mini_pit_1, grid_room_1, main_hall_1, silver_pit, the_coven_1,
          the_vestibule_1, steel_vault_5, golden_pit, hallway_of_sentries,
          crystal_vault_4, iron_vault_2, final_vault]

Skill      XL: |  1  2  3  4  5  6  7  8  9 10 11 12 |
---------------+-------------------------------------+-----
Shields        | 4 5 6 7 8 10 11 13 15 17 19 | 19.7
Fighting       | 4 5 6 7 8 10 11 13 | 13.1
Armour         | 4 5 6 7 8 9 10 11 | 11.9
Maces & Flails | 3 5 6 7 9 10 11 13 14 16 | 16.2
Dodging        | 1 2 3 4 5 6 |  6.5
Stealth        | 1 |  1.6
Invocations    | 3 5 7 9 11 13 15 | 15.8

Action                   |  1- 3 |  4- 6 |  7- 9 | 10-12 | 13-15 || total
-------------------------+-------+-------+-------+-------+-------++-------
Melee: Mace              |    44 |    82 |    49 |       |       ||   175
       Flail             |     5 |       |       |       |       ||     5
       Morningstar       |       |       |    60 |   223 |     4 ||   287
Invok: Upheaval          |       |       |     2 |       |       ||     2
       Disaster Area     |       |       |     1 |     6 |       ||     7
  Use: Potion            |       |     2 |     3 |     3 |     1 ||     9
       Scroll            |       |       |     1 |       |       ||     1
Armor: Scale mail        |    17 |       |       |       |       ||    17
       Ring mail         |    13 |    59 |    25 |       |       ||    97
       Plate armour      |       |       |    19 |    78 |       ||    97
Dodge: Dodged            |    14 |    41 |    42 |    63 |     1 ||   161
       Repelled          |       |       |     4 |     5 |       ||     9
Block: Kite shield       |    32 |    88 |   144 |   251 |     3 ||   518

Table legend: (Time is in decaauts)
 A = Elapsed time spent in this place.
 B = Non-inter-level travel time spent in this place.
 C = Inter-level travel time spent in this place.
 D = Time resting spent in this place.
 E = Time spent auto-exploring this place.
 F = Levels seen in this place.
 G = Mean time per level.
                   A        B        C        D        E       F      G
               +--------+--------+--------+--------+--------+-----+--------+
         Total |   2793 |   2793 |      0 |   1454 |    131 |   1 | 2793.0 |
       Dungeon |   2793 |   2793 |      0 |   1454 |    131 |   1 | 2793.0 |
               +--------+--------+--------+--------+--------+-----+--------+

Top non-repeatable levels by time:
       D: 2793 daAuts
